 Dungeon Crawl Stone Soup version 0.23.0 (webtiles) character file.

Game seed: 12075338686557016638

148 ventricule the Archer (level 5, 0/43 HPs)
             Began as a Gnoll Hunter on Feb 13, 2019.
             Succumbed to an orc wizard's poison
             ... on level 3 of the Dungeon.
             The game lasted 00:08:48 (2841 turns).

ventricule the Archer (Gnoll Hunter)                Turns: 2841, Time: 00:08:48

Health: 0/43       AC: 11    Str: 14    XL:     5   Next: 30%
Magic:  7/7        EV: 17    Int: 15    God:
Gold:   128        SH:  0    Dex: 22    Spells: 6/6 levels left

rFire    . . .     SeeInvis .   b - +0 trident
rCold    . . .     Gourm    .   (no shield)
rNeg     . . .     Faith    .   m - +0 scale mail
rPois    .         Spirit   .   (no helmet)
rElec    .         Reflect  .   (no cloak)
rCorr    .         Harm     .   (no gloves)
MR       .....                  (no boots)
Stlth    ++........             (no amulet)
HPRegen  0.14/turn              l - ring of flight
MPRegen  0.10/turn              p - +3 ring of protection

@: agile, lethally poisoned (0 -> -3), very slightly contaminated
A: distributed training, fangs 1, slimy green scales 1, agile 1, strong nose
a: Evoke Flight


You were on level 3 of the Dungeon.
You were not hungry.

You visited 1 branch of the dungeon, and saw 4 of its levels.

You collected 128 gold pieces.

Inventory:

Hand Weapons
 a - a +1 shortbow
 b - a +0 trident (weapon)
 f - a +0 dagger
 g - a +0 short sword
 r - a cursed +0 short sword
 y - a +0 falchion
Missiles
 d - 8 javelins (quivered)
 o - 60 arrows
 Q - 23 stones
Armour
 c - a +0 leather armour
 m - a +0 scale mail (worn)
 v - a +0 chain mail
 B - a +2 robe of the Archmagi
Jewellery
 l - a ring of flight (left hand)
 p - a +3 ring of protection (right hand)
Wands
 D - a wand of digging (3)
Scrolls
 h - a scroll of remove curse {unknown}
 i - 4 scrolls of identify {unknown}
 n - a scroll of blinking {unknown}
 q - a scroll of magic mapping {unknown}
 u - a scroll of enchant armour {unknown}
 w - a scroll of random uselessness {unknown}
 z - a scroll of enchant weapon {unknown}
 A - a scroll of teleportation {unknown}
Potions
 s - 2 potions of agility
Comestibles
 e - 10 rations
 t - a chunk of flesh


   Skills:
 + Level 4.7 Fighting
 + Level 1.4 Short Blades
 + Level 1.4 Long Blades
 + Level 1.4 Axes
 + Level 1.4 Maces & Flails
 + Level 1.4 Polearms
 + Level 1.4 Staves
 + Level 1.4 Slings
 + Level 8.6 Bows
 + Level 1.4 Crossbows
 + Level 1.4 Throwing
 + Level 1.4 Armour
 + Level 4.7 Dodging
 + Level 2.7 Stealth
 + Level 1.4 Shields
 + Level 1.4 Unarmed Combat
 + Level 1.4 Spellcasting
 + Level 1.1 Conjurations
 + Level 1.1 Hexes
 + Level 1.1 Charms
 + Level 1.1 Summonings
 + Level 1.1 Necromancy
 + Level 1.1 Translocations
 + Level 1.1 Transmutations
 + Level 1.1 Fire Magic
 + Level 1.1 Ice Magic
 + Level 1.1 Air Magic
 + Level 1.1 Earth Magic
 + Level 1.1 Poison Magic
 + Level 1.5 Invocations
 + Level 1.4 Evocations


You had 6 spell levels left.
You didn't know any spells.
Your spell library was empty.

Dungeon Overview and Level Annotations

Branches:
Dungeon (4/15)
 Temple: D:4-7

Altars:
Cheibriados
Dithmenos
Sif Muna


Innate Abilities, Weirdness & Mutations

Your experience applies equally to all skills.
You have very sharp teeth.
Your uncanny sense of smell can sniff out nearby items.
You are partially covered in slimy green scales. (AC +2)
You are agile. (Dex +2)


Message History

You flicker back into view.
* * * LOW HITPOINT WARNING * * *
You feel sick.
You take 1 damage, and have 5/43 hp.
* * * LOW HITPOINT WARNING * * *
You feel sick.
You take 1 damage, and have 4/43 hp.
* * * LOW HITPOINT WARNING * * *
You feel sick.
You take 1 damage, and have 3/43 hp.
* * * LOW HITPOINT WARNING * * *
You feel sick.
* * * LOW HITPOINT WARNING * * *
You feel sick.
You take 1 damage, and have 2/43 hp.
Some of the chunks of flesh in your inventory have rotted away.
* * * LOW HITPOINT WARNING * * *
You feel sick.
You take 1 damage, and have 1/43 hp.
You die...

..............#
#.#####....#
############.#########.#
####.# # #..........<#
#.# # ############# #.#
######### #.#
...>)...########## #..
#######.#........# ###
#.#.######.# #.#.# #@#
#)#.# #.# #.#.# #.#
#.#.# #.# ###### #...#
#.###########..... #####
#.............####
###############


There were no monsters in sight!

Levels and vault maps discovered:
D:1:      moated_graveyard_arrival, layout_basic
D:2:      layout_rooms
D:3:      layout_loops_ring, lemuel_crystal_altar, lemuel_round_altar,
          first_ration, lemuel_blue_sif_altar
D:4:      layout_basic, lemuel_round_altar, minmay_temple_entry_gardened_gates,
          minmay_ruined_shrine

Notes
Turn   | Place    | Note
-------+----------+-------------------------------------------
     0 | D:1      | ventricule the Gnoll Hunter began the quest for the Orb.
     0 | D:1      | Reached XP level 1. HP: 20/20 MP: 1/1
    20 | D:1      | Reached XP level 2. HP: 26/26 MP: 2/2
    90 | D:1      | Identified a +0 club
   119 | D:1      | Identified a +0 dagger
   153 | D:1      | Identified a +0 dagger
   156 | D:1      | Identified a +0 short sword
   186 | D:1      | Identified a +0 club
   305 | D:1      | Identified a +1 shortbow
   551 | D:1      | Identified a +0 club
   681 | D:1      | Identified a ring of flight (You found it on level 1 of the
                  | Dungeon)
   692 | D:1      | Identified a +0 scale mail (You found it on level 1 of the
                  | Dungeon)
   702 | D:1      | Identified a +0 club
   704 | D:1      | Identified a +0 short sword
   711 | D:1      | Reached XP level 3. HP: 26/31 MP: 3/3
   796 | D:1      | Identified a +0 club
  1307 | D:2      | Identified a ring of protection (You found it on level 2 of
                  | the Dungeon)
  1321 | D:2      | Reached skill level 1 in Invocations
  1398 | D:2      | Reached skill level 1 in Short Blades
  1398 | D:2      | Reached skill level 1 in Long Blades
  1398 | D:2      | Reached skill level 1 in Axes
  1398 | D:2      | Reached skill level 1 in Maces & Flails
  1398 | D:2      | Reached skill level 1 in Polearms
  1398 | D:2      | Reached skill level 1 in Staves
  1398 | D:2      | Reached skill level 1 in Slings
  1398 | D:2      | Reached skill level 1 in Crossbows
  1398 | D:2      | Reached skill level 1 in Throwing
  1398 | D:2      | Reached skill level 1 in Armour
  1398 | D:2      | Reached skill level 1 in Shields
  1398 | D:2      | Reached skill level 1 in Unarmed Combat
  1398 | D:2      | Reached skill level 1 in Spellcasting
  1398 | D:2      | Reached skill level 1 in Evocations
  1411 | D:1      | Reached XP level 4. HP: 38/38 MP: 5/5
  1649 | D:2      | Identified a +0 falchion (You found it on level 2 of the
                  | Dungeon)
  1677 | D:2      | Identified a +0 dagger
  2040 | D:2      | Reached skill level 1 in Conjurations
  2040 | D:2      | Reached skill level 1 in Hexes
  2040 | D:2      | Reached skill level 1 in Charms
  2040 | D:2      | Reached skill level 1 in Summonings
  2040 | D:2      | Reached skill level 1 in Necromancy
  2040 | D:2      | Reached skill level 1 in Translocations
  2040 | D:2      | Reached skill level 1 in Transmutations
  2040 | D:2      | Reached skill level 1 in Fire Magic
  2040 | D:2      | Reached skill level 1 in Ice Magic
  2040 | D:2      | Reached skill level 1 in Air Magic
  2040 | D:2      | Reached skill level 1 in Earth Magic
  2040 | D:2      | Reached skill level 1 in Poison Magic
  2128 | D:3      | Identified a +0 dagger
  2161 | D:3      | Found a shadowy altar of Dithmenos.
  2162 | D:3      | Identified a cursed -2 short sword
  2170 | D:3      | Reached XP level 5. HP: 41/43 MP: 6/6
  2314 | D:3      | Identified a +0 mace
  2419 | D:3      | Identified a +0 hand axe
  2419 | D:3      | Identified a +0 ring mail
  2419 | D:3      | Identified a +0 trident
  2439 | D:3      | Identified a +0 club
  2519 | D:3      | Identified a +2 robe of the Archmagi
  2625 | D:3      | Found a snail-covered altar of Cheibriados.
  2719 | D:3      | Found a deep blue altar of Sif Muna.
  2792 | D:4      | Identified a +0 scale mail
  2792 | D:4      | Identified a +0 dagger of venom
  2792 | D:4      | Identified a +0 robe
  2793 | D:4      | Identified a +0 club
  2795 | D:4      | Identified a +0 short sword
  2795 | D:4      | Identified a +0 chain mail
  2816 | D:3      | Identified 3 potions of agility
  2816 | D:3      | HP: 8/43 [something/magic dart (6)]
  2817 | D:3      | Identified a potion of invisibility
  2818 | D:3      | Identified a potion of mutation
  2818 | D:3      | Gained mutation: You are partially covered in slimy green
                  | scales. (AC +2) [potion of mutation]
  2818 | D:3      | Gained mutation: You are agile. (Dex +2) [potion of
                  | mutation]
  2819 | D:3      | Identified a potion of heal wounds
  2826 | D:3      | HP: 9/43 [something/puff of flame (5)]
  2831 | D:3      | HP: 5/43 [poisoned by an orc wizard]
  2837 | D:3      | HP: 2/43 [poisoned by an orc wizard]
  2841 | D:3      | Succumbed to an orc wizard's poison

Table legend:
 A = Turns spent in this place as a percentage of turns spent in the entire game.
 B = Non-inter-level travel turns spent in this place as a percentage of non-inter-level travel turns spent in the entire game.
 C = Inter-level travel turns spent in this place as a percentage of turns spent in this place.
 D = Turns resting spent in this place as a percentage of non-inter-level travel turns spent in this place.
 E = Turns spent auto-exploring this place as a percentage of non-inter-level travel turns spent in this place.
 F = Non-inter-level travel turns spent in this place divided by the number of levels of this place that you've seen.
                   A       B       C       D       E      F
               +-------+-------+-------+-------+-------+----------------------
         Total | 100.0 | 100.0 |   3.0 |  25.5 |  55.4 | 689.2
       Dungeon | 100.0 | 100.0 |   3.0 |  25.5 |  55.4 | 689.2
               +-------+-------+-------+-------+-------+----------------------

Table legend:
 A = Kills in this place as a percentage of kills in entire the game.
 B = Kills by you in this place as a percentage of kills by you in the entire game.
 C = Kills by friends in this place as a percentage of kills by friends in the entire game.
 D = Other kills in this place as a percentage of other kills in the entire game.
 E = Experience gained in this place as a percentage of experience gained in the entire game.
 F = Experience gained in this place divided by the number of levels of this place that you have seen.
                   A       B       C       D       E      F
               +-------+-------+-------+-------+-------+----------------------
         Total | 100.0 | 100.0 |   N/A |   N/A | 100.0 |  53.0
       Dungeon | 100.0 | 100.0 |   N/A |   N/A | 100.0 |  53.0
               +-------+-------+-------+-------+-------+----------------------

Skill      XL: |  1  2  3  4 |
---------------+-------------+-----
Invocations    | 1 |  1.5
Short Blades   | 1 |  1.4
Long Blades    | 1 |  1.4
Axes           | 1 |  1.4
Maces & Flails | 1 |  1.4
Polearms       | 1 |  1.4
Staves         | 1 |  1.4
Slings         | 1 |  1.4
Crossbows      | 1 |  1.4
Throwing       | 1 |  1.4
Armour         | 1 |  1.4
Shields        | 1 |  1.4
Unarmed Combat | 1 |  1.4
Spellcasting   | 1 |  1.4
Evocations     | 1 |  1.4
Conjurations   | 1 |  1.1
Hexes          | 1 |  1.1
Charms         | 1 |  1.1
Summonings     | 1 |  1.1
Necromancy     | 1 |  1.1
Translocations | 1 |  1.1
Transmutations | 1 |  1.1
Fire Magic     | 1 |  1.1
Ice Magic      | 1 |  1.1
Air Magic      | 1 |  1.1
Earth Magic    | 1 |  1.1
Poison Magic   | 1 |  1.1
Fighting       | |  4.7
Bows           | |  8.6
Dodging        | |  4.7
Stealth        | |  2.7

Action                   |  1- 3 |  4- 6 || total
-------------------------+-------+-------++-------
Melee: Short sword       |    88 |     8 ||    96
       Bite              |     9 |    14 ||    23
       Punch             |     1 |       ||     1
       Falchion          |       |    72 ||    72
       Trident           |       |    34 ||    34
 Fire: Shortbow          |    26 |    11 ||    37
  Use: Potion            |       |     4 ||     4
 Stab: Sleeping          |     1 |       ||     1
  Eat: Chunk             |     2 |     4 ||     6
Armor: Leather armour    |     6 |       ||     6
       Scale mail        |    22 |    47 ||    69
Dodge: Dodged            |    58 |    69 ||   127
       Rpst.: Falchion   |       |    14 ||    14

Vanquished Creatures
  A worker ant (D:2)
  3 adders (D:2)
  An ooze (D:1)
  3 worms
  5 dart slugs
  2 leopard geckos
  6 orcs
  2 bats
  A giant cockroach (D:3)
  7 goblins
  11 hobgoblins
  6 jackals
  2 ball pythons
  4 frilled lizards
  3 kobolds
  10 rats
67 creatures vanquished.
